 Dungeon Crawl Stone Soup version 0.31-a0-626-g8143ab4f1d (webtiles) character file.

Game seed: 13186276115045470966

487 IdlyInterested the Chopper (level 6, -5/52 HPs)
             Began as a Demonspawn Gladiator on Aug 24, 2023.
             Slain by an ogre
             ... wielding a +0 giant club
              (14 damage)
             ... on level 5 of the Dungeon.
             The game lasted 00:20:04 (2879 turns).

IdlyInterested the Chopper (Demonspawn Gladiator)   Turns: 2879, Time: 00:20:06

Health: -5/52      AC: 12    Str: 14    XL:     6   Next: 89%
Magic:  8/8        EV:  7    Int: 14    God:
Gold:   238        SH:  0    Dex: 14    Spells: 8/8 levels left

rFire   + . .        a - +0 war axe
rCold   . . .        (no shield)
rNeg    . . .        t - +0 chain mail
rPois   .            c - +0 helmet
rElec   .            s - +2 cloak
rCorr   +            (no gloves)
SInv    +            (no boots)
Will    .....        u - amulet of magic regeneration Stlth
                     b - ring of resist corrosion
HPRegen 0.28/turn    k - ring of see invisible
MPRegen 0.51/turn

%: no passive effects
@: studying Short Blades
A: hooves 1, big brain 1, demonic magic 1, fire resistance 1, sense surroundings
1, robust 1, MP-powered wands
a: no special abilities


You were on level 5 of the Dungeon.
You visited 1 branch of the dungeon, and saw 5 of its levels.

You collected 251 gold pieces.
You spent 13 gold pieces at shops.

Inventory:

Hand Weapons
 a - a +0 war axe (weapon)
 n - a +0 dagger of freezing
 B - a +0 trident
 C - a +3 rapier of speed
Missiles
 d - 3 throwing nets
 e - a javelin
 g - 5 boomerangs (quivered)
 i - 3 poisoned darts
 m - 47 stones
Armour
 c - a +0 helmet (worn)
 h - a +0 scale mail
 s - a +2 cloak (worn)
 t - a +0 chain mail (worn)
Jewellery
 b - a ring of resist corrosion (left hand)
 j - a ring of fire
 k - a ring of see invisible (right hand)
 u - an amulet of magic regeneration (around neck)
Talismans
 z - a blade talisman
Wands
 E - a wand of polymorph (12)
Scrolls
 f - a scroll of immolation
 o - a scroll of vulnerability
 p - a scroll of teleportation
 r - a scroll of enchant armour
 w - a scroll of fog
 x - a scroll of revelation
 y - a scroll of summoning
Potions
 l - 3 potions of brilliance
 q - a potion of lignification {unknown}
 v - 2 potions of attraction
 A - a potion of heal wounds
 D - a potion of ambrosia


   Skills:
 - Level 4.0 Fighting
 - Level 2.0 Short Blades
 * Level 4.6 Axes
 - Level 2.0 Throwing
 - Level 2.0 Armour
 - Level 2.6 Dodging
 - Level 2.0 Stealth
 + Level 1.8 Spellcasting


You had 8 spell levels left.
You didn't know any spells.
Your spell library contained the following spells:

 Spells                   Type           Power      Damage    Failure   Level
 Necrotise                Necr           4%         1d4       99%         1
 Cigotuvi's Dreadful Rot  Necr/Pois/Air  2%         N/A       99%         2
 Ignite Poison            Fire/Tmut/Pois 1%         N/A       100%        3
 Vampiric Draining        Necr           1%         2d6       100%        3
 Agony                    Necr           1%         N/A       100%        5
 Freezing Cloud           Conj/Ice/Air   0%         6-21      100%        5


Dungeon Overview and Level Annotations

Branches:
Dungeon (5/15)
 Temple: D:4-7

Altars:
Hepliaklqana
Sif Muna
Yredelemnul

Shops:
D:2 [((!   D:3 =


Innate Abilities, Weirdness & Mutations

You have large cloven feet.
You have an unusually large brain. (Int +2)
Spells you cast may paralyse adjacent enemies.
Your flesh is heat resistant. (rF+)
You passively map a small area around you.
You are robust. (+10% HP)
You expend magic power (3 MP) to strengthen your wands.


Message History

You throw a boomerang.
The boomerang hits the ogre but does no damage.
The ogre is moderately wounded.
An ogre comes into view. It is wielding a +0 giant spiked club.
You slash the ogre!
The ogre is heavily wounded.
An ogre comes into view. It is wielding a +0 giant club.
The ogre hits you with a +0 giant spiked club!
You slash the ogre!
The ogre is almost dead.
The ogre barely misses you.
You slash the ogre!
You kill the ogre!
Training target 2.0 for Short Blades reached!
Training target 2.0 for Stealth reached!
Your Short Blades skill increases to level 2!
Your Stealth skill increases to level 2!
You need to enable at least one skill for training.
Throw: 5 boomerangs
Press: ? - help, Q - select action, (/) - cycle Shift-Dir - straight line, f - ogre
Aim: an ogre, wielding a +0 giant spiked club (74% to hit)
You throw a boomerang. The boomerang hits the ogre!
The ogre is moderately wounded.
You hit the ogre but do no damage.
The ogre is moderately wounded.
The ogre hits you but does no damage.
You slash the ogre! Your kick misses the ogre.
The ogre is severely wounded.
The ogre hits you with a +0 giant spiked club!!
You barely miss the ogre. You kick the ogre.
The ogre is severely wounded.
The ogre barely misses you.
You slash the ogre!
You kill the ogre!
You hit the ogre but do no damage. The ogre hits you with a +0 giant club!
* * * LOW HITPOINT WARNING * * *
You hit the ogre. You kick the ogre.
The ogre is moderately wounded.
The ogre hits you with a +0 giant club!
You die...

# *
*......##.....##
#. *
##...#**##.###.##
## .###....# #.#
##.## # *
........# #.#
##†### , ......#
#.# ##..#
#.##....# #.#
#..# ((((....##
##.# #..# *,
#...)O###..#
##.##
(....###@....##
##..# * #(8,
##...## ##..## *
" * #..## ##..##
** *#.>.####..##
** #.##..##..##
#.# ##....## *
#.#* ##..## * ,
#.#* #..# * *
#..* #..#* *


You could see an ogre.

Vanquished Creatures
  A sky beast (D:3)
  2 ogres (D:5)
  A hound (D:4)
  2 iguanas
  4 adders
  3 gnolls (D:3)
  A worm (D:3)
  A dart slug (D:1)
  An orc (D:3)
  6 bats
  9 endoplasms
  4 giant cockroaches
  8 goblins
  9 hobgoblins
  4 quokkas
  5 ball pythons
  2 frilled lizards (D:1)
  11 kobolds
  5 rats
79 creatures vanquished.

Notes
Turn   | Place    | Note
-------+----------+-------------------------------------------
     0 | D:1      | IdlyInterested the Demonspawn Gladiator began the quest for
                  | the Orb.
     0 | D:1      | Reached XP level 1. HP: 16/16 MP: 1/1
    59 | D:1      | Gained mutation: Spells you cast may paralyse adjacent
                  | enemies. [demonic ancestry]
    59 | D:1      | Reached XP level 2. HP: 22/22 MP: 2/2
   144 | D:1      | Reached skill level 1 in Armour
   289 | D:1      | Reached XP level 3. HP: 22/27 MP: 3/3
   472 | D:2      | Found a basalt altar of Yredelemnul.
   539 | D:2      | Found Tappuas's Distillery.
   539 | D:2      | Found Winagaf's Weapon Shoppe.
   550 | D:2      | Found Kihec's Antique Weapon Shoppe.
   620 | D:2      | Reached skill level 1 in Spellcasting
   806 | D:2      | Found Icanept's Armour Emporium.
   807 | D:2      | Noticed an animated plate armour
   808 | D:2      | Noticed an animated pearl dragon scales
   822 | D:2      | Gained mutation: You have large cloven feet. [demonic
                  | ancestry]
   822 | D:2      | Reached XP level 4. HP: 26/33 MP: 5/5
   894 | D:2      | Reached skill level 1 in Stealth
  1044 | D:2      | Bought a potion of degeneration for 13 gold pieces
  1178 | D:3      | Found a shimmering blue altar of Sif Muna.
  1213 | D:3      | Gained mutation: Your flesh is heat resistant. (rF+)
                  | [potion of mutation]
  1213 | D:3      | Gained mutation: You are robust. (+10% HP) [potion of
                  | mutation]
  1213 | D:3      | Gained mutation: You expend magic power (3 MP) to
                  | strengthen your wands. [potion of mutation]
  1213 | D:3      | Gained mutation: You passively map a small area around you.
                  | [potion of mutation]
  1223 | D:3      | Found Wuest's Jewellery Emporium.
  1293 | D:3      | Noticed a sky beast
  1309 | D:3      | Killed a sky beast
  1310 | D:3      | Reached XP level 5. HP: 37/46 MP: 6/6
  1776 | D:4      | Found a hazy altar of Hepliaklqana.
  2068 | D:4      | Gained mutation: You have an unusually large brain. (Int
                  | +2) [demonic ancestry]
  2068 | D:4      | Reached XP level 6. HP: 20/52 MP: 7/7
  2438 | D:4      | Identified a scroll of acquirement
  2539 | D:4      | Reached skill level 1 in Short Blades
  2609 | D:4      | Acquired a manual of Short Blades
  2629 | D:5      | Entered Level 5 of the Dungeon
  2879 | D:5      | Slain by an ogre

Illustrated notes

Levels and vault maps discovered:
D:1:      lemuel_arrival_behind_the_door_large, layout_rooms
D:2:      layout_rooms, basic_altar, serial_shops, shop, shop,
          nicolae_shop_mannequins, nicolae_square_shop, minmay_vboxes
D:3:      layout_basic, mainiacjoe_overflow_small_starburst, serial_shops,
          nicolae_shop_crystal
D:4:      layout_loops_cross, mainiacjoe_overflow_alcove_1,
          amcnicky_altar_gilded, mainiacjoe_overflow_surrounded_room,
          minmay_misc_feat_secret_circle
D:5:      layout_layer_cave, nicolae_concentric_dashed_squares_wild,
          chequers_serial_rivers_room_a, dilly_guarded_unrand_devastator,
          uniq_prince_ribbit1

Skill      XL: |  1  2  3  4  5  6 |
---------------+-------------------+-----
Axes           | 3 4 |  4.6
Armour         | 1 2 |  2.0
Spellcasting   | 1 |  1.8
Stealth        | 1 2 |  2.0
Throwing       | 2 |  2.0
Fighting       | 3 4 |  4.0
Short Blades   | 2 |  2.0
Dodging        | |  2.6

Action                     |  1- 3 |  4- 6 || total
---------------------------+-------+-------++-------
  Melee: War axe           |   114 |   102 ||   216
         Punch             |     1 |     2 ||     3
         Kick              |       |    30 ||    30
  Throw: Boomerang         |       |     4 ||     4
    Use: Scroll            |       |    15 ||    15
         Potion            |       |     2 ||     2
 Armour: Scale mail        |    82 |    30 ||   112
         Chain mail        |       |    34 ||    34
  Dodge: Dodged            |    84 |    46 ||   130

Table legend: (Time is in decaauts)
 A = Elapsed time spent in this place.
 B = Non-inter-level travel time spent in this place.
 C = Inter-level travel time spent in this place.
 D = Time resting spent in this place.
 E = Time spent auto-exploring this place.
 F = Levels seen in this place.
 G = Mean time per level.
                   A        B        C        D        E       F      G
               +--------+--------+--------+--------+--------+-----+--------+
         Total |   2948 |   2646 |    302 |    171 |   1386 |   5 |  589.6 |
       Dungeon |   2948 |   2646 |    302 |    171 |   1386 |   5 |  589.6 |
               +--------+--------+--------+--------+--------+-----+--------+

Top non-repeatable levels by time:
     D:4: 859 daAuts
     D:3: 741 daAuts
     D:2: 636 daAuts
     D:1: 517 daAuts
     D:5: 193 daAuts
